 Dungeon Crawl Stone Soup version 0.29-a0-472-ge5599a681e (webtiles) character file.

Game seed: 8784422656480423021

21 loir the Magician (level 3, -8/27 HPs)
             Began as a Djinni Conjurer on May 23, 2022.
             Mangled by Crazy Yiuf
             ... wielding a +2 quarterstaff of chaos
              (11 damage)
             ... on level 2 of the Dungeon.
             The game lasted 00:05:47 (1284 turns).

loir the Magician (Djinni Conjurer)                 Turns: 1284, Time: 00:05:47

Health: -8/27      AC:  3    Str:  6    XL:     3   Next: 2%
Gold:   85         EV: 11    Int: 21    God:
                   SH:  3    Dex: 11

rFire   + + .      SeeInvis .   (no weapon)
rCold   x . .      Faith    .   d - +0 buckler
rNeg    . . .      Spirit   .   a - +0 robe
rPois   ∞          Reflect  .   (no helmet)
rElec   .          Harm     .   (no cloak)
rCorr   .          Rampage  .   b - +0 pair of gloves
Will    .....                   (boots unavailable)
Stlth   ++........              (no amulet)
HPRegen 0.09/turn               (no ring)
MPRegen 0.00/turn               (no ring)

@: mighty, flying, very slightly contaminated
A: sickness immunity, fire resistance 2, cold vulnerability 1, float, innate
caster, HP casting, extra vitality 1
a: no special abilities


You were on level 2 of the Dungeon.
You visited 1 branch of the dungeon, and saw 2 of its levels.

You collected 85 gold pieces.

Inventory:

Missiles
 c - 70 stones
Armour
 a - a +0 robe (worn)
 b - a +0 pair of gloves (worn)
 d - a +0 buckler (worn)
Potions
 e - a potion of ambrosia {unknown}
 f - a potion of attraction {unknown}
 g - a potion of degeneration {unknown}
 h - a potion of curing {unknown}


   Skills:
 + Level 1.1 Fighting
 - Level 2.1 Dodging
 - Level 1.5 Stealth
 * Level 3.6 Spellcasting


You couldn't memorise any spells.
You knew the following spells:

 Your Spells              Type           Power      Damage    Failure   Level
a - Magic Dart            Conj           76%        1d6       3%          1
b - Searing Ray           Conj           38%        2d5       5%          2
c - Dazzling Flash        Conj/Hex       38%        N/A       11%         3
d - Fulminant Prism       Conj/Hex       9%         3d7       36%         4
e - Iskenderun's Mystic   Conj/Tloc      19%        2d6       36%         4
f - Necrotize             Necr           76%        1d7       3%          1
Your spell library was empty.

Dungeon Overview and Level Annotations

Branches:
Dungeon (2/15)

Altars:

Shops:
D:1 (

Annotations:
D:2 Crazy Yiuf


Innate Abilities, Weirdness & Mutations

You are immune to sickness and miasma.
You are immune to poison.
Your flesh is very heat resistant. (rF++)
You are vulnerable to cold. (rC-)
You float through the air rather than walking.
You learn spells naturally, not from books.
Your magical power is your life essence.
You have superior vitality. (+4 MHP)


Message History

The power to cast Necrotize wells up from within.
Spell assigned to 'f'.
You see here a +0 mace.
Found a mace.
Found a runed translucent door.
As you open the door, it creaks loudly!
Crazy Yiuf shouts!
Crazy Yiuf zaps a wand.
You block the puff of flame.
Casting: Magic Dart (safe; 3% risk of failure)
Confirm with . or Enter, or press ? or * to list all spells.
Aiming: Searing Ray (safe; 5% risk of failure)
Press: ? - help, Shift-Dir - straight line, f - Crazy Yiuf
Aim: Crazy Yiuf, wielding a +2 quarterstaff of chaos, wearing a +0 cloak and carrying a wand of flame (25) (81% to hit)
The searing ray hits Crazy Yiuf!
Crazy Yiuf is heavily wounded. (Press . to maintain the ray.) Crazy Yiuf laughs, "Cholesterol poople ena!"
Crazy Yiuf zaps a wand.
The puff of flame misses you.
The searing ray misses Crazy Yiuf.
The searing ray hits Crazy Yiuf.
Crazy Yiuf is heavily wounded.
The searing ray hits Crazy Yiuf.
Crazy Yiuf is almost dead.
You finish channelling your searing ray.
Crazy Yiuf laughs, "Proton koolooloo mumblescurry!"
Casting: Searing Ray (safe; 5% risk of failure)
Confirm with . or Enter, or press ? or * to list all spells.
Aiming: Searing Ray (safe; 5% risk of failure)
Press: ? - help, Shift-Dir - straight line, f/p - Crazy Yiuf
Aim: Crazy Yiuf, wielding a +2 quarterstaff of chaos, wearing a +0 cloak and carrying a wand of flame (24) (almost dead, 81% to hit)
You miscast Searing Ray.
You are very lightly contaminated with residual magic.
Nothing appears to happen.
Crazy Yiuf hits you with a +2 quarterstaff of chaos.
You feel very mighty all of a sudden.
Crazy Yiuf hits you with a +2 quarterstaff of chaos!
* * * LOW HITPOINT WARNING * * *
You are confused.
Crazy Yiuf zaps a wand.
The puff of flame misses you.
You feel less confused.
Crazy Yiuf hits you with a +2 quarterstaff of chaos!
You die...

# ....##+# .....#...
#....#... #..†.#...
#######....#... ###
###.#..#.....#...
#...##..#.....)...#...
#...g@####...)..###...
# #)..###
##.#..####... . ###
####.......# #####
######### ....# #.>
###.# #.# ..#.# #.#
#.#.# #.# ..#.# #.#


You could see Crazy Yiuf.

Vanquished Creatures
  A dart slug (D:2)
  A bat (D:1)
  5 endoplasms
  3 hobgoblins (D:1)
  A quokka (D:1)
  2 ball pythons
  A frilled lizard (D:1)
  A goblin (D:1)
  A rat (D:2)
16 creatures vanquished.

Vanquished Creatures (others)
  3 fungi (D:2)
  5 toadstools (D:2)
8 creatures vanquished.

Grand Total: 24 creatures vanquished

Notes
Turn   | Place    | Note
-------+----------+-------------------------------------------
     0 | D:1      | loir the Djinni Conjurer began the quest for the Orb.
     0 | D:1      | Reached XP level 1. HP: 15/15 MP: 0/0
   267 | D:1      | Reached XP level 2. HP: 18/22 MP: 0/0
   404 | D:1      | Found Ukhohoyf's Weapon Shoppe.
   546 | D:1      | Found a faded altar of an unknown god.
  1051 | D:2      | Reached skill level 1 in Fighting
  1255 | D:2      | Reached XP level 3. HP: 26/27 MP: 0/0
  1255 | D:2      | Learned a level 1 spell: Necrotize
  1272 | D:2      | Found a runed translucent door.
  1273 | D:2      | Noticed Crazy Yiuf
  1284 | D:2      | Mangled by Crazy Yiuf

Illustrated notes

Levels and vault maps discovered:
D:1:      lightli_arrival_windingriver, layout_loops_ring, serial_shops,
          nicolae_shop_bloodbath_and_beyond, ebering_ecumenical_altar_mist
D:2:      layout_basic, minmay_gold_behind_fungi, uniq_crazy_yiuf_cottage,
          uniq_natasha

Skill      XL: |  1  2 |
---------------+-------+-----
Fighting       | 1 |  1.1
Dodging        | |  2.1
Stealth        | |  1.5
Spellcasting   | |  3.6

Action                   || total
-------------------------++-------
 Cast: Magic Dart        ||    34
       Searing Ray       ||     1
  Use: Scroll            ||     3
Armor: Robe              ||     1
Dodge: Dodged            ||     4
Block: Buckler           ||     1

Table legend: (Time is in decaauts)
 A = Elapsed time spent in this place.
 B = Non-inter-level travel time spent in this place.
 C = Inter-level travel time spent in this place.
 D = Time resting spent in this place.
 E = Time spent auto-exploring this place.
 F = Levels seen in this place.
 G = Mean time per level.
                   A        B        C        D        E       F      G
               +--------+--------+--------+--------+--------+-----+--------+
         Total |   1283 |   1237 |     46 |      0 |   1128 |   2 |  641.5 |
       Dungeon |   1283 |   1237 |     46 |      0 |   1128 |   2 |  641.5 |
               +--------+--------+--------+--------+--------+-----+--------+

Top non-repeatable levels by time:
     D:1: 953 daAuts
     D:2: 330 daAuts
